 Dungeon Crawl Stone Soup version 0.16-a0-1183-g5b05a17 (webtiles) character file.

981 PolkaDot the Caller (level 7, -7/48 HPs)
             Began as a Vampire Summoner on Oct 10, 2014.
             Was a Follower of Sif Muna.
             Mangled by a goliath beetle (28 damage)
             ... on level 6 of the Dungeon.
             The game lasted 00:17:03 (5674 turns).

PolkaDot the Caller (Vampire Summoner)              Turns: 5674, Time: 00:17:03

Health: -7/48      AC:  4    Str:  7    XL:     7   Next: 96%
Magic:  11/12      EV: 12    Int: 25    God:    Sif Muna [*.....]
Gold:   240        SH:  0    Dex: 14    Spells: 4 memorised, 0 levels left

rFire  . . .     SeeInvis +     n - +1 quarterstaff
rCold  . . .     Clarity  .     a - +0 robe
rNeg   . . .     SustAb   .     (no shield)
rPois  +         Gourm    .     e - +0 helmet
rElec  .         Spirit   .     (no cloak)
rCorr  .         Warding  .     v - +0 pair of gloves
rMut   .         Stasis   .     (no boots)
MR     .....                    (no amulet)
Stlth  ++........               i - ring of poison resistance
                                h - +6 ring of intelligence

@: regenerating very quickly, not resistant to hostile enchantments, unstealthy
A: bottle blood, fangs 3, see invisible, unbreathing
a: Bottle Blood, Channel Energy, Renounce Religion


You were on level 6 of the Dungeon.
You worshipped Sif Muna.
Sif Muna was aware of your devotion.
You were almost alive.

You visited 2 branches of the dungeon, and saw 7 of its levels.

You collected 240 gold pieces.

Inventory:

Hand weapons
 n - a +1 quarterstaff (weapon)
Armour
 a - a +0 robe (worn)
 e - a +0 helmet (worn)
 v - a +0 pair of gloves (worn)
Magical devices
 j - a wand of polymorph (7)
 q - a wand of paralysis (18)
Scrolls
 c - 3 scrolls of teleportation
 d - 3 scrolls of remove curse
 l - a scroll of amnesia {unknown}
 o - 2 scrolls of fog {unknown}
 p - 2 scrolls of enchant weapon
 s - a scroll of immolation {unknown}
 t - a scroll of identify
 u - 2 scrolls of recharging {unknown}
 x - a scroll of enchant armour {unknown}
Jewellery
 h - a +6 ring of intelligence (left hand)
 i - a ring of poison resistance (right hand)
Potions
 f - 2 potions of confusion {unknown}
 g - 2 potions of restore abilities {unknown}
 k - 3 potions of heal wounds
 m - 4 potions of curing
 r - a potion of haste
 w - a potion of lignification {unknown}
Books
 b - a book of Callings

   Spells                             Type                      Level
   *Summon Small Mammal               Summoning                    1
   *Call Imp                          Summoning                    2
   *Call Canine Familiar              Summoning                    3
   Summon Guardian Golem              Hexes/Summoning              4
   Summon Lightning Spire             Summoning/Air                4
   *Summon Ice Beast                  Ice/Summoning                4


   Skills:
 - Level 1.5 Fighting
 - Level 4.6 Staves
 - Level 2.1 Dodging
 - Level 3.0 Stealth
 - Level 2.0 Spellcasting
 + Level 6.7 Summonings
 * Level 3.9 Ice Magic


You couldn't memorise any spells.
You knew the following spells:

 Your Spells              Type           Power        Failure   Level  Hunger
a - Summon Small Mammal   Summ           ####         1%          1    None
d - Call Canine Familiar  Summ           #####...     1%          3    ###....
i - Summon Ice Beast      Ice/Summ       ####....     14%         4    ####...
s - Call Imp              Summ           #####...     1%          2    ##.....


Dungeon Overview and Level Annotations

Branches:
Dungeon (6/15)             Temple (1/1) D:4

Altars:
Ashenzari
Cheibriados
Dithmenos
Elyvilon
Fedhas
Gozag
Kikubaaqudgha
Makhleb
Nemelex Xobeh
Okawaru
Qazlal
Ru
Sif Muna
Trog
Vehumet
Yredelemnul
Zin
The Shining One


Innate Abilities, Weirdness & Mutations

Your natural rate of healing is extremely fast.
You can bottle blood from corpses.
You have razor-sharp teeth.
You have supernaturally acute eyesight.
You can survive without breathing.


Message History

Your hound bites the hobgoblin zombie.
The hobgoblin zombie is destroyed!
The hobgoblin hits you.
* * * LOW HITPOINT WARNING * * *
The goliath beetle bites you.
* * * LOW HITPOINT WARNING * * *
Your hound barely misses the goliath beetle.
You barely miss the goliath beetle.
The goliath beetle is lightly wounded.
Your hound barely misses the goliath beetle.
The hobgoblin hits you but does no damage.
You hit the goliath beetle but do no damage.
The goliath beetle is lightly wounded.
Your hound bites the goliath beetle but does no damage.
The hobgoblin hits you.
* * * LOW HITPOINT WARNING * * *
Your hound bites the goliath beetle but does no damage.
The goliath beetle bites you!!
Ouch! That really hurt!
You die...

######## ### #......
..### #..#.# #... ##....#
#..# #.....# ##..####
##....# ......##
######..#.######Bg#...#.#
........#.).....@h......#
#######.#########.......#
##'## ...(... ##...##
...$... ##.....## #.....#
##.......## #...#
###...<.....# #!#
..'.).......+ .
###.........#


You could see a goliath beetle, a hobgoblin and a friendly hound.

Vanquished Creatures
  A sky beast (D:6)
  A centaur (D:5)
  3 ogres
  2 crimson imps
  A goliath beetle (D:6)
  A jelly (D:5)
  A hound (D:6)
  2 orc wizards (D:4)
  2 worker ants (D:4)
  A gnoll (D:6)
  3 adders
  2 shadow imps
  A giant mite (D:3)
  A worm (D:3)
  An adder skeleton (D:5)
  2 oozes
  8 orcs
  A ball python (D:1)
  5 goblins
  10 hobgoblins
  4 jackals (D:6)
  2 quokkas
  7 bats
  4 giant cockroaches
  A giant gecko skeleton (D:4)
  4 giant newts
  A goblin zombie (D:5)
  12 kobolds
  A kobold skeleton (D:5)
  A kobold zombie (D:6)
  A quokka skeleton (D:4)
  4 rats
  A rat skeleton (D:6)
92 creatures vanquished.

Vanquished Creatures (collateral kills)
  An ogre (D:5)
  A gnoll sergeant (D:6)
  A jelly (D:5)
  An orc wizard (D:4)
  An ogre zombie (D:5)
  An adder (D:2)
  3 gnolls (D:6)
  3 worms
  A giant gecko (D:2)
  7 orcs
  2 hobgoblins (D:1)
  A bat (D:2)
  2 hobgoblin zombies
  3 kobolds
28 creatures vanquished.

Vanquished Creatures (others)
  A hound (D:5)
  2 white imps (D:6)
3 creatures vanquished.

Grand Total: 123 creatures vanquished

Notes
Turn   | Place    | Note
--------------------------------------------------------------
     0 | D:1      | PolkaDot, the Vampire Summoner, began the quest for the Orb.
     0 | D:1      | Reached XP level 1. HP: 13/13 MP: 3/3
   488 | D:1      | Reached skill level 1 in Fighting
   488 | D:1      | Reached XP level 2. HP: 8/21 MP: 1/4
   979 | D:1      | Learned a level 2 spell: Call Imp
  1263 | D:2      | Reached XP level 3. HP: 18/26 MP: 6/6
  1728 | D:2      | Reached skill level 1 in Staves
  2042 | D:3      | Reached XP level 4. HP: 29/32 MP: 7/7
  2088 | D:3      | Learned a level 3 spell: Call Canine Familiar
  2633 | D:4      | Found an iron altar of Okawaru.
  2719 | D:4      | Found a staircase to the Ecumenical Temple.
  2732 | Temple   | Entered the Ecumenical Temple
  2846 | Temple   | Became a worshipper of Sif Muna the Loreminder
  2935 | D:4      | Reached XP level 5. HP: 31/37 MP: 9/9
  3127 | D:4      | Reached skill level 5 in Summonings
  3718 | D:5      | Entered Level 5 of the Dungeon
  3819 | D:5      | Reached XP level 6. HP: 16/43 MP: 0/10
  4229 | D:5      | Noticed a centaur
  4238 | D:5      | Killed a centaur
  4304 | D:5      | Noticed an ogre
  4312 | D:5      | Killed an ogre
  4458 | D:5      | Noticed an ogre
  4467 | D:5      | Killed an ogre
  4467 | D:5      | Reached skill level 6 in Summonings
  4467 | D:5      | Reached XP level 7. HP: 48/48 MP: 8/12
  4726 | D:5      | Learned a level 4 spell: Summon Ice Beast
  4974 | D:6      | Reached skill level 1 in Ice Magic
  5220 | D:6      | Found an iron altar of Okawaru.
  5342 | D:6      | Acquired Sif Muna's first power
  5674 | D:6      | Mangled by a goliath beetle

Action                   |  1- 3 |  4- 6 |  7- 9 || total
-------------------------+-------+-------+-------++-------
Melee: Unarmed           |    55 |       |       ||    55
       Dagger            |    28 |       |       ||    28
       Quarterstaff      |    39 |   138 |   145 ||   322
 Cast: Summon Small Mamm |     7 |       |       ||     7
       Call Imp          |     3 |     5 |     3 ||    11
       Call Canine Famil |       |     6 |     3 ||     9
 Abil: Bottle Blood      |       |       |     2 ||     2
  Use: Potion            |     1 |       |     2 ||     3
       Scroll            |       |    12 |       ||    12
 Stab: Sleeping          |     6 |     7 |     2 ||    15
       Distracted        |     1 |       |       ||     1
  Eat: Corpse            |     8 |    13 |     9 ||    30
